 Dungeon Crawl Stone Soup version 0.17.0-23-g0de4337 (webtiles) character file.

6749 HungrySpirit the Cleaver (level 11, -1/87 HPs)
             Began as a Human Chaos Knight on Nov 13, 2015.
             Slain by a molten gargoyle
             ... wielding a +0 morningstar
              (4 damage)
             ... on level 9 of the Dungeon.
             The game lasted 00:19:05 (11184 turns).

HungrySpirit the Cleaver (Human Chaos Knight)      Turns: 11184, Time: 00:19:06

Health: -1/87      AC: 13    Str: 21    XL:     11   Next: 24%
Magic:  3/3        EV:  7    Int: 12    God:    Xom [.*....]
Gold:   583        SH:  0    Dex: 13    Spells: 0 memorised, 10 levels left

rFire  + + .     SeeInvis .     z - +8 Wrath of Trog {antimagic, *Rage}
rCold  + . .     Rnd*Rage +     f - +1 plate armour of the Armoured One {rElec Regen+}
rNeg   . . .     SustAt   +     (shield currently unavailable)
rPois  +         Gourm    .     s - +0 helmet
rElec  +         Spirit   .     x - +0 cloak
rCorr  +         Warding  .     (no gloves)
rMut   .         Stasis   .     (boots currently unavailable)
MR     .....                    w - amulet of resist corrosion
Stlth  ..........               (no ring)
                                p - ring of sustain attributes

@: mighty, appendage (expiring), resistant, not resistant to hostile
enchantments, extremely unstealthy
A: talons 3, molten scales 1, deformed body, deterioration 1, fire resistance 1,
MP-powered wands
a: Renounce Religion


You were on level 9 of the Dungeon.
You worshipped Xom.
You were a plaything of Xom.
You were not hungry.
You had grown temporary talons.
You visited 1 branch of the dungeon, and saw 9 of its levels.
You also visited: Sewer.

You collected 583 gold pieces.

Inventory:

Hand Weapons
 g - a +2 war axe of venom
 z - the +8 Wrath of Trog (weapon) {antimagic, *Rage}
   (You found it on level 6 of the Dungeon)

   It disrupts the flow of magical energy around spellcasters and certain
   magical creatures (including the wielder).
   It may make you go berserk in combat.
Armour
 f - the +1 plate armour of the Armoured One (worn) {rElec Regen+}
   (You acquired it on level 8 of the Dungeon)

   It insulates you from electricity.
   It increases your rate of regeneration.
 s - a +0 helmet (worn)
 x - a +0 cloak (worn)
Jewellery
 l - an uncursed ring of teleportation
 p - a ring of sustain attributes (left hand)
 w - an amulet of resist corrosion (around neck)
Wands
 y - a wand of confusion (21)
 B - a wand of flame (14)
 C - a wand of cold (0)
 M - a wand of disintegration (23)
Scrolls
 a - 8 scrolls of remove curse
 d - a scroll of fog
 e - a scroll of recharging
 h - a scroll of teleportation
 i - 9 scrolls of identify
 n - 2 scrolls of immolation
 q - 2 scrolls of amnesia
 r - 2 scrolls of enchant armour
 t - 7 scrolls of enchant weapon
 J - a scroll of magic mapping
Potions
 k - a potion of might
 m - 3 potions of cancellation
Books
 D - a book of Fire

   Spells                             Type                      Level
   a - Ignite Poison                  Fire/Transmutation/Poison    3
   b - Fireball                       Conjuration/Fire             5
   c - Bolt of Fire                   Conjuration/Fire             6
   d - Delayed Fireball               Conjuration/Fire             7
   e - Ring of Flames                 Charms/Fire                  7
 E - a book of Unlife

   Spells                             Type                      Level
   a - Recall                         Summoning/Translocation      3
   b - Animate Dead                   Necromancy                   4
   c - Control Undead                 Necromancy                   4
   d - Cigotuvi's Embrace             Necromancy                   5
   e - Death Channel                  Necromancy                   6
   f - Simulacrum                     Ice/Necromancy               6
Miscellaneous
 G - a lamp of fire
Comestibles
 b - 2 meat rations
 c - 3 bread rations
 j - 3 royal jellies


   Skills:
 + Level 8.8 Fighting
 * Level 12.3 Axes
 + Level 7.8 Armour
 - Level 1.0 Dodging


You had 10 spell levels left.
You didn't know any spells.

Dungeon Overview and Level Annotations

Branches:
Dungeon (9/15)             Temple (0/1) D:4
   Lair: D:8-11         Orc: D:9-12

Altars:
Ashenzari
Cheibriados
Dithmenos
Fedhas
Gozag
Kikubaaqudgha
Qazlal
Ru
Sif Muna
Xom
The Shining One

Shops:
D:7 *   D:9 :


Innate Abilities, Weirdness & Mutations

You have claws for feet.
You are partially covered in molten scales (AC +1).
Armour fits poorly on your strangely shaped body.
Your body sometimes deteriorates upon taking damage.
Your flesh is heat resistant.
You expend magic power (3 MP) to strengthen your wands.


Message History

You are engulfed in flames.
You resist.
* * * LOW HITPOINT WARNING * * *
You slash the molten gargoyle!
The molten gargoyle is moderately damaged.
The molten gargoyle hits you with a morningstar.
* * * LOW HITPOINT WARNING * * *
You are engulfed in flames.
You resist.
* * * LOW HITPOINT WARNING * * *
Drink which item? (? for menu, Esc to quit)
It was a potion of might.
You feel very mighty all of a sudden.
Wield which item (- for none, * to show all)? (? for menu, Esc to quit)
Your +2 war axe of venom stops dripping with poison.
You feel bloodthirsty!
z - the +8 Wrath of Trog (weapon)
{antimagic, *Rage} The molten gargoyle hits you with a morningstar!
* * * LOW HITPOINT WARNING * * *
You are engulfed in flames.
You resist.
You die...
Xom howls with laughter!

.§≈889≈≈. #....#.#... ≈≈≈≈≈§§.#
#....#..... .≈≈≈≈≈≈. #....#..#.#
..S.....# #....#....# y#.#. .##
#....#.#..# #5#.# #.# #....#.#))#
#.#######.#### .......##>.
#.##.........#######.##########)#
...O.........†.9@......# ####.#
#.##.........#######.#.# ##....#
#.##.........# #..#..#
..##.........# #.###..
############## #..#..# #....##
#.#.# # #.... #. .....#...


You could see a molten gargoyle.

Vanquished Creatures
  A centaur warrior (D:8)
  An unseen horror (D:9)
  A manticore (D:9)
  Joseph (D:7)
  A molten gargoyle (D:9)
  A queen bee (D:9)
  A wyvern (D:8)
  Duvessa (D:7)
  4 ogres
  A phantom (D:8)
  2 ice beasts
  A sky beast (D:6)
  A necrophage (D:9)
  4 centaurs
  7 giant frogs
  Dowan (D:7)
  8 scorpions
  4 wights (D:9)
  13 killer bees
  A crimson imp (D:6)
  A giant frog zombie (D:9)
  A centaur zombie (D:5)
  A jelly (D:8)
  An orc priest (D:9)
  7 orc wizards
  A centaur skeleton (D:7)
  7 hounds
  Terence (D:2)
  3 worker ants
  A hound skeleton (D:6)
  A gnoll (D:1)
  17 adders
  3 shadow imps
  9 oozes
  2 adder skeletons
  4 worms
  11 giant geckos
  11 orcs
  2 bats
  17 giant cockroaches
  8 goblins
  15 hobgoblins
  11 jackals
  12 ball pythons
  A giant gecko skeleton (D:7)
  12 giant newts
  A jackal zombie (D:5)
  13 kobolds
  A quokka (D:3)
  A quokka skeleton (D:5)
  2 quokka zombies (D:6)
  7 rats
240 creatures vanquished.

Vanquished Creatures (collateral kills)
  Prince Ribbit (D:7)
  Edmund (D:6)
  A phantom (D:7)
  A giant frog (D:7)
  2 killer bees (D:9)
  A worker ant (D:6)
  A hound zombie (D:7)
  An orc (D:6)
9 creatures vanquished.

Grand Total: 249 creatures vanquished

Notes
Turn   | Place    | Note
--------------------------------------------------------------
     0 | D:1      | HungrySpirit the Human Chaos Knight began the quest for the Orb.
     0 | D:1      | Reached XP level 1. HP: 18/18 MP: 1/1
    21 | D:1      | XOM: harmless Chrm miscast
    63 | D:1      | XOM: divination: detect items
   176 | D:1      | Reached XP level 2. HP: 18/24 MP: 2/2
   245 | D:1      | XOM: divination: detect creatures
   311 | D:1      | XOM: silly message
   442 | D:1      | XOM: noise
   463 | D:1      | Reached XP level 3. HP: 14/29 MP: 3/3
   505 | D:1      | XOM: harmless Ice miscast
   733 | D:1      | Reached skill level 4 in Axes
  1267 | D:1      | XOM: 9-stop teleportation journey
  1337 | D:1      | XOM: god gift: 10 arrows of dispersal
  1528 | D:2      | Reached XP level 4. HP: 35/35 MP: 4/4
  1568 | D:2      | Found a shattered altar of Ashenzari.
  1655 | D:2      | XOM: vitrification
  1683 | D:2      | XOM: summons 2 hostile demons
  1784 | D:2      | Noticed Terence
  1785 | D:2      | XOM: swap monsters
  1808 | D:2      | Killed Terence
  2084 | D:2      | Reached XP level 5. HP: 40/42 MP: 5/5
  2276 | D:2      | XOM: vitrification
  2527 | D:2      | Reached skill level 5 in Axes
  3018 | D:3      | XOM: god gift: emerald ring {god gift}
  3197 | D:3      | Found a sacrificial altar of Ru.
  3210 | D:3      | Reached XP level 6. HP: 41/48 MP: 6/6
  3383 | D:3      | XOM: cast spell 'Excruciating Wounds'
  3458 | D:3      | XOM is BORED!
  3458 | D:3      | XOM: medium Trmt miscast
  3662 | D:3      | Found an opulent altar of Gozag.
  3662 | D:3      | Found a deep blue altar of Sif Muna.
  3664 | D:3      | XOM: colour smoke trail
  3698 | D:3      | Reached skill level 6 in Axes
  3698 | D:3      | XOM: god gift: scroll labeled YCHEKL FICI
  3860 | D:4      | Found a staircase to the Ecumenical Temple.
  3874 | D:4      | XOM: 2-stop teleportation journey
  3889 | D:4      | Reached XP level 7. HP: 25/55 MP: 7/7
  4122 | D:4      | XOM: god gift: 16 stones
  4151 | D:4      | Reached skill level 5 in Fighting
  4380 | D:4      | Found a glowing golden altar of the Shining One.
  4685 | D:4      | XOM: god gift: 31 gold pieces
  4748 | D:5      | Entered Level 5 of the Dungeon
  4770 | D:5      | XOM: god gift: encrusted bronze wand {god gift}
  4844 | D:5      | Reached skill level 7 in Axes
  5019 | D:5      | Found a glowing golden altar of the Shining One.
  5148 | D:5      | XOM: vitrification
  5219 | D:5      | Found a blossoming altar of Fedhas.
  5221 | D:5      | Found an ancient bone altar of Kikubaaqudgha.
  5237 | D:5      | Reached XP level 8. HP: 32/63 MP: 8/8
  5353 | D:5      | XOM: divination: magic mapping
  5375 | D:5      | XOM: vitrification
  5475 | D:5      | Found a stormy altar of Qazlal.
  5672 | D:5      | XOM: fake destruction
  5975 | D:6      | Found a glowing drain.
  5975 | D:6      | XOM: 5-stop teleportation journey
  6019 | D:6      | Reached skill level 8 in Axes
  6086 | Sewer    | Entered a sewer
  6451 | D:6      | XOM: summons 3 friendly demons
  6556 | D:5      | XOM: summons 4 hostile demons
  6785 | D:5      | XOM: summons 3 hostile shadow creatures
  6877 | D:6      | Noticed Edmund
  6881 | D:6      | Reached XP level 9. HP: 62/69 MP: 9/9
  6889 | D:6      | Killed Edmund
  7116 | D:6      | Reached skill level 9 in Axes
  7217 | D:6      | XOM: harmless Hex miscast
  7270 | D:6      | XOM: enchant monster (good)
  7305 | D:6      | XOM: enchant monster (bad)
  7327 | D:6      | XOM: colour smoke trail
  7329 | D:6      | Gained mutation: You tend to lose your temper in combat. [mutagenic meat]
  7330 | D:6      | Gained mutation: You expend magic power (3 MP) to strengthen your wands. [mutagenic meat]
  7797 | D:7      | XOM: vitrification
  7803 | D:7      | XOM: cast spell 'Summon Horrible Things'
  7813 | D:7      | Noticed Prince Ribbit
  7820 | D:7      | Killed Prince Ribbit
  7820 | D:7      | Reached skill level 5 in Armour
  7952 | D:7      | Noticed Duvessa
  7955 | D:7      | Noticed Dowan
  7957 | D:7      | XOM: confuse monster(s)
  7965 | D:7      | Killed Duvessa
  7985 | D:7      | Reached skill level 10 in Axes
  7989 | D:7      | Killed Dowan
  8224 | D:7      | Found Yrghov's General Store.
  8329 | D:7      | XOM: mild Trmt miscast
  8361 | D:7      | Noticed Joseph
  8362 | D:7      | XOM: 1-stop teleportation journey
  8398 | D:7      | Killed Joseph
  8398 | D:7      | Reached XP level 10. HP: 22/79 MP: 10/10
  8654 | D:7      | XOM: medium Erth miscast
  8691 | D:7      | Lost mutation: You tend to lose your temper in combat. [potion of mutation]
  8691 | D:7      | Gained mutation: You are partially covered in molten scales (AC +1). [potion of mutation]
  8756 | D:7      | Found a snail-covered altar of Cheibriados.
  8784 | D:7      | XOM: scenery: 2 doors open
  8793 | D:7      | XOM: scenery: create altars
  8914 | D:7      | XOM: cast spell 'Ring of Flames'
  9003 | D:7      | XOM: confuse monster(s)
  9041 | D:7      | XOM: colour smoke trail
  9262 | D:8      | XOM: god gift: brass wand {god gift}
  9292 | D:8      | Identified a scroll of acquirement
  9521 | D:8      | Noticed a centaur warrior
  9533 | D:8      | Killed a centaur warrior
  9533 | D:8      | Reached skill level 11 in Axes
  9535 | D:8      | XOM: vitrification
  9808 | D:9      | Found Tenenioh's Book Shop.
  9837 | D:9      | XOM: fog
  9842 | D:9      | XOM: cast spell 'Summon Swarm'
  9928 | D:8      | XOM: silly message
 10045 | D:8      | XOM: harmless Necr miscast
 10056 | D:8      | XOM: enchant monster (good)
 10237 | D:9      | XOM: confuse monster(s)
 10310 | D:9      | Killed an unseen horror
 10310 | D:9      | Reached XP level 11. HP: 25/87 MP: 11/11
 10715 | D:9      | Noticed a molten gargoyle
 10731 | D:9      | Killed a molten gargoyle
 10731 | D:9      | Reached skill level 12 in Axes
 10824 | D:9      | Noticed a manticore
 10946 | D:9      | XOM: smoke on damage
 10947 | D:9      | Killed a manticore
 10950 | D:9      | XOM: harmless Trmt miscast
 11040 | D:9      | XOM: 1-stop teleportation journey
 11042 | D:9      | XOM: give mutations
 11042 | D:9      | Gained mutation: Your body sometimes deteriorates upon taking damage. [Xom's mischief]
 11042 | D:9      | Gained mutation: Your flesh is heat resistant. [Xom's mischief]
 11042 | D:9      | Gained mutation: Armour fits poorly on your strangely shaped body. [Xom's mischief]
 11044 | D:9      | Noticed a molten gargoyle
 11044 | D:9      | Found a shadowy altar of Dithmenos.
 11046 | D:9      | Noticed a molten gargoyle
 11071 | D:8      | Got a bloodstained plate armour
 11082 | D:8      | Identified the +1 plate armour of the Armoured One {rElec Regen+} (You acquired it on level 8 of the Dungeon)
 11138 | D:8      | XOM: silly message
 11143 | D:9      | XOM: summons friendly ufetubus
 11159 | D:9      | Noticed a molten gargoyle
 11159 | D:9      | XOM: cast spell 'Beastly Appendage'
 11184 | D:9      | HP: 3/87 [molten gargoyle/morningstar (9)]
 11184 | D:9      | Slain by a molten gargoyle

Action                   |  1- 3 |  4- 6 |  7- 9 | 10-12 || total
-------------------------+-------+-------+-------+-------++-------
Melee: Hand axe          |   105 |   179 |   447 |    45 ||   776
       War axe           |       |       |       |   165 ||   165
       Battleaxe         |       |       |       |    20 ||    20
Evoke: Wand              |       |       |    10 |       ||    10
       Lamp of fire      |       |       |     1 |       ||     1
  Use: Scroll            |       |     3 |       |    19 ||    22
       Potion            |       |       |     5 |     8 ||    13
 Stab: Sleeping          |     1 |     1 |       |       ||     2
       Paralysed         |     1 |     1 |       |       ||     2
       Petrifying        |     1 |       |       |       ||     1
       Confused          |       |     3 |     3 |       ||     6
       Invisible         |       |     1 |       |       ||     1
       Petrified         |       |       |     1 |       ||     1
  Eat: Meat ration       |       |     1 |     1 |       ||     2
       Chunk             |       |     5 |    12 |     4 ||    21
       Pizza             |       |       |       |     2 ||     2
       Royal jelly       |       |       |       |     5 ||     5
       Beef jerky        |       |       |       |     1 ||     1
